AoeStats
← 我说狂阿七比肥龙强,B站关注狂阿七谢谢喵

MegaRandom

509363209Analyzed
2v2 RM · 7d ago on Sep 26, 2026· 32m 58s· 4 players
Game mode
Random Map
Map size
Medium (4 player)
Population
200
Speed
Normal
Resources
Standard
Victory
Conquest
Starting age
Dark Age
Ending age
Imperial Age
RankedLock teamsTeams togetherTeam positionsShared explorationLock speedFull tech treeHidden civsTurbo modeCheats
Victory
Defeat
🇨🇳 Saxons · China
981
+18
🇧🇷 Danes · Brazil
1040
-18
🇧🇷 Franks · Brazil
1019
-17
qbe
8:03 Loom
11:12 Feudal Age
14:50 Castle Age
13:04 Double-Bit Axe
14:00 Horse Collar
14:58 Fletching
21:55 Guard Tower
22:52 Ballistics
23:50 Bodkin Arrow
24:49 Wheelbarrow
24:00 Town Watch
25:05 Murder Holes
26:03 Treadmill Crane
28:02 Masonry
29:59 Bow Saw
32:29 Imperial Age
31:05 Heavy Plow
32:16 Gold Mining
32:17 Stone Mining
33:08 Hand Cart
32:57 Town Patrol
33:34 Bracer
34:36 Chemistry
我说狂阿七比肥龙强,B站关注狂阿七谢谢喵
11:26 Feudal Age
12:48 Loom
16:17 Castle Age
14:13 Double-Bit Axe
14:09 Horse Collar
17:58 Wheelbarrow
17:50 Bow Saw
25:11 Hand Cart
25:25 Fletching
30:00 Imperial Age
27:32 Treadmill Crane
28:12 Ballistics
27:48 Bodkin Arrow
27:55 Scale Mail Armor
28:05 Forging
28:14 Gold Mining
28:15 Stone Mining
29:24 Murder Holes
30:11 Medium Warships
30:03 Greek Fire
30:19 Chain Mail Armor
30:14 Forging
30:23 Heavy Plow
31:19 Gold Shaft Mining
31:17 Bracer
31:45 Conscription
33:21 Chemistry
32:52 Plate Mail Armor
32:58 Iron Casting
33:35 Heavy Warships
Dioin
1:36 Loom
7:19 Loom
9:30 Feudal Age
10:24 Man-at-Arms
10:50 Arson
14:35 Horse Collar
17:28 Double-Bit Axe
20:40 Castle Age
19:06 Gold Mining
20:46 Scale Mail Armor
20:56 Forging
21:42 Chain Mail Armor
21:50 Gambesons
22:07 Squires
24:32 Bow Saw
26:09 Iron Casting
31:11 Wheelbarrow
30:44 Heavy Plow
33:18 Hand Cart
Taxista
3:56 Loom
11:30 Feudal Age
19:09 Castle Age
19:19 Double-Bit Axe
19:35 Gold Mining
25:45 Husbandry
30:36 Scale Barding Armor
30:42 Forging
Connection lost

Rejoining the realm…

Still unreachable

The connection could not be restored.

Session expired

The server has moved on; the page needs a fresh start.